 Dungeon Crawl Stone Soup version 0.29-a0-911-g88e6f02907 (webtiles) character file.

Game seed: 1929396694187579983

3114 sanka the Destroyer (level 9, -1/67 HPs)
             Began as a Gnoll Conjurer on July 25, 2022.
             Was an Initiate of Ashenzari.
             Succumbed to a killer bee's poison
             ... on level 7 of the Dungeon.
             The game lasted 00:18:46 (10090 turns).

sanka the Destroyer (Gnoll Conjurer)               Turns: 10090, Time: 00:18:46

Health: -1/67      AC:  6    Str: 10    XL:     9   Next: 91%
Magic:  3/19       EV: 15    Int: 28    God:    Ashenzari [......]
Gold:   394        SH:  0    Dex: 14    Spells: 16/22 levels left

rFire   . . .      SeeInvis .   b - +1 dagger (venom)
rCold   . . .      Faith    .   (no shield)
rNeg    . . .      Spirit   .   j - +0 robe
rPois   .          Reflect  .   L - +0 helmet of the Thirteen Towns {Str+4 Dex+3}
rElec   .          Harm     .   J - +0 cloak
rCorr   .          Rampage  .   (no gloves)
Will    .....                   g - +0 pair of boots
Stlth   +++.......              M - amulet of regeneration
HPRegen 1.01/turn               F - ring of flight
MPRegen 0.16/turn               A - +6 ring of intelligence

@: lethally poisoned (-1 -> -10), flying
A: fangs 1, strong nose, distributed training
a: Renounce Religion


You were on level 7 of the Dungeon.
You worshipped Ashenzari.
Ashenzari was noncommittal.
You visited 1 branch of the dungeon, and saw 7 of its levels.
You also visited: Sewer and Ossuary.

You collected 394 gold pieces.


Innate Abilities, Weirdness & Mutations

You have very sharp teeth.
Your uncanny sense of smell can sniff out nearby items.
Your experience applies equally to all skills.


   Skills:
 + Level 4.9 Fighting
 + Level 4.9 Short Blades
 + Level 4.9 Long Blades
 + Level 4.9 Axes
 + Level 4.9 Maces & Flails
 + Level 4.9 Polearms
 + Level 4.9 Staves
 + Level 4.9 Ranged Weapons
 + Level 4.9 Throwing
 + Level 4.9 Armour
 + Level 6.7 Dodging
 + Level 6.5 Stealth
 + Level 4.9 Shields
 + Level 4.9 Unarmed Combat
 + Level 7.1 Spellcasting
 + Level 8.2 Conjurations
 + Level 4.0 Hexes
 + Level 4.0 Summonings
 + Level 4.0 Necromancy
 + Level 4.0 Translocations
 + Level 4.0 Transmutations
 + Level 4.0 Fire Magic
 + Level 4.0 Ice Magic
 + Level 4.0 Air Magic
 + Level 4.0 Earth Magic
 + Level 4.0 Poison Magic
 + Level 5.3 Invocations
 + Level 4.9 Evocations


You had 16 spell levels left.
You knew the following spells:

 Your Spells              Type           Power      Damage    Failure   Level
c - Stone Arrow           Conj/Erth      88%        3d12      1%          3
x - Searing Ray           Conj           100%       2d8       1%          2
z - Magic Dart            Conj           100%       1d8       1%          1

Your spell library contained the following spells:

 Spells                   Type           Power      Damage    Failure   Level
 Beastly Appendage        Tmut           64%        N/A       1%          1
 Sandblast                Erth           64%        2d14      1%          1
 Passwall                 Tmut/Erth      26%        N/A       1%          2
 Wereblood                Tmut           32%        N/A       1%          2
 Dazzling Flash           Conj/Hex       88%        N/A       1%          3
 Spider Form              Tmut/Pois      32%        N/A       3%          3
 Fulminant Prism          Conj/Hex       22%        3d13      4%          4
 Iskenderun's Mystic Bla  Conj/Tloc      44%        2d10      4%          4

Inventory:

Hand Weapons
 b - a +1 dagger of venom (weapon)
 B - a +0 mace
 N - a +2 hand axe of electrocution
Missiles
 i - 16 poisoned darts
Armour
 g - a +0 pair of boots (worn)
 j - a +0 robe (worn)
 J - a +0 cloak (worn)
 L - the +0 helmet of the Thirteen Towns (worn) {Str+4 Dex+3}

   Str:       It affects your strength (+4).
   Dex:       It affects your dexterity (+3).
Magical Staves
 a - a staff of earth
Jewellery
 A - a +6 ring of intelligence (right hand)
 F - a ring of flight (left hand)
 M - an amulet of regeneration (around neck)
Wands
 I - a wand of acid (10)
 K - a wand of flame (19)
Scrolls
 d - 4 scrolls of teleportation {unknown}
 e - 2 scrolls of vulnerability {unknown}
 o - 3 scrolls of enchant armour {unknown}
 r - 2 scrolls of torment {unknown}
 s - 8 scrolls of identify {unknown}
 t - 2 scrolls of poison {unknown}
 u - a scroll of noise {unknown}
 w - a scroll of blinking {unknown}
 y - 2 scrolls of summoning {unknown}
 z - 2 scrolls of enchant weapon {unknown}
 C - 4 scrolls of amnesia {unknown}
 D - 5 scrolls of butterflies {unknown}
 G - a scroll of fear {unknown}
Potions
 c - a potion of degeneration {unknown}
 f - 2 potions of berserk rage {unknown}
 h - a potion of attraction {unknown}
 k - 4 potions of lignification {unknown}
 l - 6 potions of curing {@q1}
 m - 3 potions of heal wounds {unknown}
 n - 3 potions of haste {unknown}
 p - 2 potions of brilliance {unknown}
 q - a potion of mutation {unknown}
 v - a potion of experience {unknown}
 x - 2 potions of magic
 E - 2 potions of might {unknown}
 H - a potion of ambrosia {unknown}

Dungeon Overview and Level Annotations

Branches:
Dungeon (7/15)              Sewer (visited)         Ossuary (visited)
 Temple: D:4-7

Altars:
Ashenzari
Cheibriados
Dithmenos
Elyvilon
Fedhas
Kikubaaqudgha
Nemelex Xobeh
Xom
Yredelemnul
Zin

........)...........▒
........)..▒▒▒▒▒▒▒▒▒▒
........)...▒
............▒
▒▒..▒▒▒..▒▒.▒▒▒▒ ▒.
▒▒.......▒▒ ▒
▒▒▒▒▒..g.▒▒▒▒
▒▒▒▒y†..▒▒▒ ▒yg....▒
▒......▒ ▒......▒
▒▒▒▒▒▒▒▒


You could see 2 killer bees and a gnoll.


Message History

The killer bee closely misses you. The killer bee closely misses you.
The killer bee closely misses you.
Unknown command.
Unknown command.
The stone arrow hits the killer bee!!
You kill the killer bee!
The killer bee stings you.
* * * LOW HITPOINT WARNING * * *
You are poisoned.
The killer bee poisons you! The killer bee completely misses you.
The gnoll barely misses you. The killer bee stings you.
* * * LOW HITPOINT WARNING * * *
The stone arrow hits the killer bee!!
You kill the killer bee!
You feel sick. The killer bee barely misses you. The killer bee stings you.
* * * LOW HITPOINT WARNING * * *
You are more poisoned.
The killer bee poisons you!
The gnoll hits you from afar with a +0 halberd!
* * * LOW HITPOINT WARNING * * *
The killer bee barely misses you.
The killer bee stings you but does no damage.
The stone arrow misses the killer bee.
The stone arrow misses the gnoll.
You die...

Action                   |  1- 3 |  4- 6 |  7- 9 || total
-------------------------+-------+-------+-------++-------
Melee: Mace              |       |     3 |     9 ||    12
       Unarmed           |       |   164 |    23 ||   187
       Bite              |       |    25 |    22 ||    47
       Punch             |       |     3 |     6 ||     9
       Dagger            |       |       |    72 ||    72
       Staff             |       |       |    16 ||    16
       Hand axe          |       |       |    37 ||    37
 Cast: Magic Dart        |    75 |    63 |    11 ||   149
       Stone Arrow       |       |    15 |   104 ||   119
       Searing Ray       |       |     2 |       ||     2
  Use: Potion            |       |     2 |     1 ||     3
 Stab: Sleeping          |       |     3 |     5 ||     8
Armor: Robe              |       |    36 |    34 ||    70
Dodge: Dodged            |     3 |   132 |   144 ||   279

Levels and vault maps discovered:
D:1:      matt_arrival_grand_opening, layout_basic,
          nicolae_ecumenical_snake_handling
D:2:      layout_rooms, basic_altar, minmay_misc_feat_tower,
          chequers_decorated_corner
D:3:      layout_basic, minmay_diced_spiral, uniq_natasha
D:4:      layout_gridville, biasface_ghost_orc_armoury,
          nicolae_ossuary_entry_plus
D:5:      layout_loops_corners, portal_sewer_entry_e, uniq_grinder
D:6:      cheibrodos_two_vegetables, layout_cave_pools,
          mainiacjoe_overflow_small_starburst, minmay_overflow_temple_hex,
          grunt_temple_overflow_growth_and_decay, uniq_sigmund,
          uniq_crazy_yiuf_cottage
D:7:      layout_rooms, minmay_temple_entry_waves, enter_bailey_3

Notes
Turn   | Place    | Note
-------+----------+-------------------------------------------
     0 | D:1      | sanka the Gnoll Conjurer began the quest for the Orb.
     0 | D:1      | Reached XP level 1. HP: 13/13 MP: 6/6
   386 | D:1      | Reached XP level 2. HP: 19/19 MP: 5/7
   411 | D:1      | Found a faded altar of an unknown god.
   964 | D:1      | Reached skill level 5 in Spellcasting
   964 | D:1      | Reached XP level 3. HP: 25/25 MP: 4/9
  1034 | D:1      | Learned a level 2 spell: Searing Ray
  1122 | D:2      | Learned a level 3 spell: Stone Arrow
  1277 | D:2      | Found a white marble altar of Elyvilon.
  1301 | D:2      | Reached skill level 1 in Invocations
  1492 | D:2      | Reached skill level 1 in Fighting
  1492 | D:2      | Reached skill level 1 in Short Blades
  1492 | D:2      | Reached skill level 1 in Long Blades
  1492 | D:2      | Reached skill level 1 in Axes
  1492 | D:2      | Reached skill level 1 in Maces & Flails
  1492 | D:2      | Reached skill level 1 in Polearms
  1492 | D:2      | Reached skill level 1 in Staves
  1492 | D:2      | Reached skill level 1 in Ranged Weapons
  1492 | D:2      | Reached skill level 1 in Throwing
  1492 | D:2      | Reached skill level 1 in Armour
  1492 | D:2      | Reached skill level 1 in Shields
  1492 | D:2      | Reached skill level 1 in Unarmed Combat
  1492 | D:2      | Reached skill level 1 in Evocations
  1818 | D:2      | Reached XP level 4. HP: 32/32 MP: 7/11
  2363 | D:3      | Reached skill level 1 in Hexes
  2363 | D:3      | Reached skill level 1 in Summonings
  2363 | D:3      | Reached skill level 1 in Necromancy
  2363 | D:3      | Reached skill level 1 in Translocations
  2363 | D:3      | Reached skill level 1 in Transmutations
  2363 | D:3      | Reached skill level 1 in Fire Magic
  2363 | D:3      | Reached skill level 1 in Ice Magic
  2363 | D:3      | Reached skill level 1 in Air Magic
  2363 | D:3      | Reached skill level 1 in Earth Magic
  2363 | D:3      | Reached skill level 1 in Poison Magic
  2514 | D:3      | Noticed Natasha
  2517 | D:3      | Noticed a scorpion
  2527 | D:3      | Killed Natasha
  2533 | D:3      | Killed a scorpion
  2534 | D:3      | Reached XP level 5. HP: 27/37 MP: 6/12
  2853 | D:3      | Noticed Natasha
  2860 | D:3      | Killed Natasha
  3294 | D:3      | Noticed Natasha
  3296 | D:3      | Killed Natasha
  3297 | D:3      | Reached skill level 2 in Invocations
  3297 | D:3      | Reached XP level 6. HP: 44/44 MP: 6/13
  3615 | D:4      | Found a sand-covered staircase.
  3623 | Ossuary  | Entered an ossuary
  3737 | Ossuary  | Reached skill level 2 in Fighting
  3737 | Ossuary  | Reached skill level 2 in Short Blades
  3737 | Ossuary  | Reached skill level 2 in Long Blades
  3737 | Ossuary  | Reached skill level 2 in Axes
  3737 | Ossuary  | Reached skill level 2 in Maces & Flails
  3737 | Ossuary  | Reached skill level 2 in Polearms
  3737 | Ossuary  | Reached skill level 2 in Staves
  3737 | Ossuary  | Reached skill level 2 in Ranged Weapons
  3737 | Ossuary  | Reached skill level 2 in Throwing
  3737 | Ossuary  | Reached skill level 2 in Armour
  3737 | Ossuary  | Reached skill level 5 in Dodging
  3737 | Ossuary  | Reached skill level 2 in Shields
  3737 | Ossuary  | Reached skill level 2 in Unarmed Combat
  3737 | Ossuary  | Reached skill level 2 in Evocations
  4456 | Ossuary  | Reached XP level 7. HP: 41/51 MP: 5/15
  4629 | Ossuary  | Noticed a wraith
  4634 | Ossuary  | Killed a wraith
  4635 | Ossuary  | Reached skill level 5 in Stealth
  4635 | Ossuary  | Reached skill level 2 in Hexes
  4635 | Ossuary  | Reached skill level 2 in Summonings
  4635 | Ossuary  | Reached skill level 2 in Necromancy
  4635 | Ossuary  | Reached skill level 2 in Translocations
  4635 | Ossuary  | Reached skill level 2 in Transmutations
  4635 | Ossuary  | Reached skill level 2 in Fire Magic
  4635 | Ossuary  | Reached skill level 2 in Ice Magic
  4635 | Ossuary  | Reached skill level 2 in Air Magic
  4635 | Ossuary  | Reached skill level 2 in Earth Magic
  4635 | Ossuary  | Reached skill level 2 in Poison Magic
  4699 | Ossuary  | Noticed a silent spectre
  4759 | D:4      | Reached skill level 3 in Invocations
  5398 | D:4      | Reached skill level 3 in Fighting
  5398 | D:4      | Reached skill level 3 in Short Blades
  5398 | D:4      | Reached skill level 3 in Long Blades
  5398 | D:4      | Reached skill level 3 in Axes
  5398 | D:4      | Reached skill level 3 in Maces & Flails
  5398 | D:4      | Reached skill level 3 in Polearms
  5398 | D:4      | Reached skill level 3 in Staves
  5398 | D:4      | Reached skill level 3 in Ranged Weapons
  5398 | D:4      | Reached skill level 3 in Throwing
  5398 | D:4      | Reached skill level 3 in Armour
  5398 | D:4      | Reached skill level 3 in Shields
  5398 | D:4      | Reached skill level 3 in Unarmed Combat
  5398 | D:4      | Reached skill level 3 in Evocations
  5398 | D:4      | Reached XP level 8. HP: 58/58 MP: 9/16
  5603 | D:4      | Found a runed translucent gate.
  5604 | D:4      | Found a runed translucent gate.
  5605 | D:4      | Found a runed translucent gate.
  5611 | D:4      | Noticed eyesofgods1's ghost (amateur OgGl)
  5612 | D:4      | Identified the +7 short sword "Behetiho" {freeze, Drain rF+
                  | Str+5}
  5838 | D:5      | Entered Level 5 of the Dungeon
  5859 | D:5      | Reached skill level 6 in Spellcasting
  6009 | D:5      | Noticed Grinder
  6014 | D:5      | Killed Grinder
  6266 | D:5      | Found a glowing drain.
  6302 | Sewer    | Entered a sewer
  6508 | Sewer    | Reached skill level 4 in Invocations
  6521 | Sewer    | Reached skill level 3 in Hexes
  6521 | Sewer    | Reached skill level 3 in Summonings
  6521 | Sewer    | Reached skill level 3 in Necromancy
  6521 | Sewer    | Reached skill level 3 in Translocations
  6521 | Sewer    | Reached skill level 3 in Transmutations
  6521 | Sewer    | Reached skill level 3 in Fire Magic
  6521 | Sewer    | Reached skill level 3 in Ice Magic
  6521 | Sewer    | Reached skill level 3 in Air Magic
  6521 | Sewer    | Reached skill level 3 in Earth Magic
  6521 | Sewer    | Reached skill level 3 in Poison Magic
  7023 | D:5      | Reached skill level 6 in Dodging
  7363 | D:5      | Reached XP level 9. HP: 65/65 MP: 14/18
  7835 | D:6      | Reached skill level 4 in Fighting
  7835 | D:6      | Reached skill level 4 in Short Blades
  7835 | D:6      | Reached skill level 4 in Long Blades
  7835 | D:6      | Reached skill level 4 in Axes
  7835 | D:6      | Reached skill level 4 in Maces & Flails
  7835 | D:6      | Reached skill level 4 in Polearms
  7835 | D:6      | Reached skill level 4 in Staves
  7835 | D:6      | Reached skill level 4 in Ranged Weapons
  7835 | D:6      | Reached skill level 4 in Throwing
  7835 | D:6      | Reached skill level 4 in Armour
  7835 | D:6      | Reached skill level 4 in Shields
  7835 | D:6      | Reached skill level 4 in Unarmed Combat
  7835 | D:6      | Reached skill level 4 in Evocations
  7868 | D:6      | Found a runed translucent door.
  7869 | D:6      | Noticed Crazy Yiuf
  7936 | D:6      | Noticed Sigmund
  8008 | D:6      | Found a blossoming altar of Fedhas.
  8011 | D:6      | Found an ancient bone altar of Kikubaaqudgha.
  8094 | D:6      | Found a basalt altar of Yredelemnul.
  8174 | D:6      | Killed Sigmund
  8291 | D:6      | Found a snail-covered altar of Cheibriados.
  8296 | D:6      | Reached skill level 6 in Stealth
  8296 | D:6      | Reached skill level 8 in Conjurations
  8368 | D:6      | Found a shadowy altar of Dithmenos.
  8368 | D:6      | Found a broken altar of Ashenzari.
  8368 | D:6      | Found a sparkling altar of Nemelex Xobeh.
  8375 | D:6      | Found a shimmering altar of Xom.
  8375 | D:6      | Found a glowing silver altar of Zin.
  8385 | D:6      | Became a worshipper of Ashenzari the Shackled
  8985 | D:6      | Reached skill level 5 in Invocations
  9203 | D:6      | Killed Crazy Yiuf
  9396 | D:4      | Killed eyesofgods1's ghost
  9582 | D:4      | Reached skill level 7 in Spellcasting
  9631 | D:4      | Identified the +0 helmet of the Thirteen Towns {Str+4
                  | Dex+3}
 10051 | D:7      | Reached skill level 4 in Hexes
 10051 | D:7      | Reached skill level 4 in Summonings
 10051 | D:7      | Reached skill level 4 in Necromancy
 10051 | D:7      | Reached skill level 4 in Translocations
 10051 | D:7      | Reached skill level 4 in Transmutations
 10051 | D:7      | Reached skill level 4 in Fire Magic
 10051 | D:7      | Reached skill level 4 in Ice Magic
 10051 | D:7      | Reached skill level 4 in Air Magic
 10051 | D:7      | Reached skill level 4 in Earth Magic
 10051 | D:7      | Reached skill level 4 in Poison Magic
 10089 | D:7      | HP: 2/67 [gnoll/+0 halberd (8)]
 10090 | D:7      | Succumbed to a killer bee's poison

Vanquished Creatures
  The ghost of eyesofgods1 the Chopper, an amateur OgGl (D:4)
  Grinder (D:5)
  Sigmund (D:6)
  A wraith (Ossuary)
  A black bear (D:6)
  2 ogres
  A centaur (D:6)
  2 phantoms
  A bullfrog (D:5)
  A necrophage (D:5)
  6 scorpions
  2 water moccasin zombies (Ossuary)
  2 killer bees (D:7)
  6 electric eels (D:6)
  A bullfrog zombie (Ossuary)
  A centaur zombie (Ossuary)
  Crazy Yiuf (D:6)
  3 jellies
  A gnoll bouda (D:7)
  2 orc priests (D:4)
  4 iguanas
  Natasha (thrice) (D:3)
  5 orc wizards
  11 gnolls
  10 adders
  5 river rats
  2 white imps
  2 ufetubi (D:6)
  2 adder zombies (Ossuary)
  2 worms
  2 dart slugs
  20 orcs
  17 ball pythons
  5 bats
  5 endoplasms
  4 giant cockroaches
  4 gnoll zombies (Ossuary)
  7 hobgoblins
  4 jackals (D:2)
  5 kobolds
  10 quokkas
  6 frilled lizards
  7 goblins
  3 goblin zombies (Ossuary)
  2 hobgoblin zombies (Ossuary)
  7 orc zombies (Ossuary)
  15 rats
206 creatures vanquished.

Vanquished Creatures (others)
  4 plants (D:6)
4 creatures vanquished.

Grand Total: 210 creatures vanquished
